AoeStats
← Pestilenz666

Arena

506661293Analyzed
4v4 RM · 17d ago on Sep 14, 2026· 40m 43s· 8 players
Game mode
Random Map
Map size
Large (8 player)
Population
200
Speed
Normal
Resources
Standard
Victory
Conquest
Starting age
Dark Age
Ending age
Imperial Age
RankedLock teamsTeams togetherTeam positionsShared explorationLock speedFull tech treeHidden civsTurbo modeCheats
Victory
Defeat
🇫🇷 Japanese · France
916
+14
🇩🇪 Turks · Germany
908
+14
🇦🇷 Persians · Argentina
906
+14
🇩🇪 Maya · Germany
742
+21
🇸🇪 Mongols · Sweden
1043
-73
🇪🇸 Slavs · Spain
832
-15
🇺🇸 Celts · United States
821
-14
777
-12
marwenskio
6:16 Loom
11:56 Feudal Age
17:20 Castle Age
16:17 Double-Bit Axe
16:15 Horse Collar
16:28 Gold Mining
19:06 Bow Saw
21:34 Wheelbarrow
32:57 Elite Skirmisher
37:40 Hand Cart
MANTECOÑO63
4:02 Loom
11:53 Feudal Age
13:49 Double-Bit Axe
18:42 Castle Age
18:34 Gold Mining
18:38 Stone Mining
22:27 Fortified Wall
23:47 Elite Skirmisher
24:45 Bow Saw
25:22 Fletching
25:32 Padded Archer Armor
27:43 Ballistics
33:24 Horse Collar
38:14 Town Watch
☯︎ PΔTΔS DΞ STΞΞL ☯
0:35 Loom
12:53 Feudal Age
14:32 Wheelbarrow
13:45 Double-Bit Axe
16:58 Gold Mining
19:23 Castle Age
17:57 Forging
18:05 Scale Barding Armor
20:24 Hand Cart
20:52 Husbandry
21:44 Bow Saw
24:23 Gold Shaft Mining
23:39 Stone Mining
☬ GRD MARADROGA ☬
1:36 Loom
12:59 Feudal Age
14:27 Wheelbarrow
14:39 Horse Collar
19:37 Double-Bit Axe
24:16 Castle Age
23:16 Gold Mining
23:16 Stone Mining
23:52 Forging
24:46 Scale Mail Armor
25:24 Hand Cart
25:18 Heavy Plow
28:22 Thumb Ring
31:12 Iron Casting
30:51 Bow Saw
31:56 Scale Barding Armor
35:58 Imperial Age
34:31 Bloodlines
34:24 Husbandry
35:11 Gold Shaft Mining
36:22 Chain Barding Armor
36:02 Fletching
Pestilenz666
0:28 Loom
10:41 Feudal Age
13:39 Double-Bit Axe
15:12 Horse Collar
20:36 Castle Age
19:25 Stone Mining
19:26 Gold Mining
23:39 Fletching
23:40 Town Watch
24:35 Wheelbarrow
23:48 Town Watch
27:44 Bow Saw
29:42 Bodkin Arrow
29:48 Padded Archer Armor
30:45 Hand Cart
32:52 Ballistics
32:52 Leather Archer Armor
32:44 Heavy Plow
36:37 Imperial Age
38:30 Conscription
37:36 Elite Plumed Archer
39:24 Chemistry
38:29 Bracer
39:56 Two-Man Saw
39:37 Stone Shaft Mining
41:17 Crop Rotation
41:24 Ring Archer Armor
schmidmaseb
12:05 Feudal Age
16:06 Castle Age
14:26 Double-Bit Axe
21:39 Imperial Age
19:39 Gold Mining
34:50 Wheelbarrow
Tektø
11:39 Feudal Age
12:06 Double-Bit Axe
12:02 Horse Collar
17:59 Castle Age
16:18 Stone Mining
19:01 Bow Saw
19:29 Wheelbarrow
19:49 Heavy Plow
20:12 Forging
20:03 Scale Mail Armor
21:03 Gold Mining
31:03 Imperial Age
28:57 Squires
28:42 Arson
29:56 Iron Casting
29:56 Hand Cart
31:34 Chain Mail Armor
31:25 Elite Samurai
32:30 Conscription
33:10 Plate Mail Armor
35:13 Blast Furnace
35:00 Kataparuto
39:48 Spies/Treason
PNAL | Mark Max 77
11:36 Feudal Age
10:57 Loom
13:14 Town Watch
14:06 Wheelbarrow
13:44 Double-Bit Axe
18:31 Castle Age
17:11 Horse Collar
19:25 Hand Cart
19:50 Town Patrol
20:26 Bow Saw
20:18 Heavy Plow
20:20 Fletching
24:49 Pikeman
26:37 Squires
26:22 Arson
33:53 Imperial Age
32:30 Bodkin Arrow
33:45 Scale Mail Armor
34:52 Conscription
35:15 Bloodlines
35:05 Husbandry
34:28 Cavalier
38:39 Scale Barding Armor
38:45 Forging
37:59 Light Cavalry
40:00 Spies/Treason
41:19 Chain Barding Armor
41:35 Iron Casting
Connection lost

Rejoining the realm…

Still unreachable

The connection could not be restored.

Session expired

The server has moved on; the page needs a fresh start.